 Dungeon Crawl Stone Soup version 0.17.1-3-g152610e (webtiles) character file.

354 Urist the Ducker (level 6, -4/44 HPs)
             Began as a Demonspawn Wanderer on Apr 7, 2016.
             Was a Follower of Okawaru.
             Slain by Pikel
             ... wielding a +2 whip of freezing
              (8 damage)
             ... on level 4 of the Dungeon.
             The game lasted 00:14:05 (2584 turns).

Urist the Ducker (Demonspawn Wanderer)              Turns: 2584, Time: 00:14:05

Health: -4/44      AC:  7    Str: 11    XL:     6   Next: 35%
Magic:  7/7        EV: 14    Int: 18    God:    Okawaru [*.....]
Gold:   193        SH:  0    Dex: 10    Spells: 2 memorised, 4 levels left

rFire  . . .     SeeInvis .     a - +3 spear
rCold  . . .     Clarity  .     d - +0 robe
rNeg   . . .     SustAt   .     (no shield)
rPois  .         Gourm    .     (helmet restricted)
rElec  .         Spirit   .     q - +0 cloak
rCorr  .         Warding  .     (no gloves)
rMut   .         Stasis   .     (no boots)
MR     +....                    (no amulet)
Stlth  ++........               k - ring of protection from magic
                                c - +1 ring of evasion

@: somewhat resistant to hostile enchantments, unstealthy
A: horns 1, rough black scales 1, powered by pain 1
a: Heroism, Renounce Religion


You were on level 4 of the Dungeon.
You worshipped Okawaru.
Okawaru was aware of your devotion.
You were not hungry.

You visited 1 branch of the dungeon, and saw 4 of its levels.

You collected 193 gold pieces.

Inventory:

Hand Weapons
 a - a +3 spear (weapon)
 e - a +0 dagger
 o - a +2 quarterstaff of chaos
Missiles
 r - 2 tomahawks (quivered)
 v - 5 steel javelins
Armour
 d - a +0 robe (worn)
 h - the +5 ring mail of Deruw {+Fly rF- rCorr Int+3, unknown}
   (You found it on level 4 of the Dungeon)

   It affects your intelligence (+3).
   It makes you vulnerable to fire.
   It lets you fly.
   It protects you from acid and corrosion.
 l - a +0 buckler
 q - a +0 cloak (worn)
Jewellery
 c - a +1 ring of evasion (left hand)
 k - a ring of protection from magic (right hand)
 n - an uncursed amulet of stasis
 s - an uncursed ring of protection from fire
Scrolls
 g - 2 scrolls of identify
 j - 3 scrolls of remove curse
Potions
 i - a potion of flight
Books
 b - the Grimoire of Ice

   Spells                             Type                      Level
   a - Freeze                         Ice                          1
   b - Throw Frost                    Conjuration/Ice              2
Miscellaneous
 w - a plain deck of defence {drawn: 3}
Comestibles
 f - 3 bread rations
 m - 3 meat rations
 p - a royal jelly
 u - 2 chunks of flesh


   Skills:
 + Level 2.1 Fighting
 + Level 3.4 Polearms
 + Level 4.0 Dodging
 + Level 2.7 Stealth
 + Level 1.0 Spellcasting
 + Level 0.2 Conjurations
   Level 1.0 Summonings
 + Level 2.1 Ice Magic
 + Level 1.0 Evocations


You had 4 spell levels left.
You knew the following spells:

 Your Spells              Type           Power        Failure   Level  Hunger
a - Throw Frost           Conj/Ice       #.....       21%         2    ###....
b - Freeze                Ice            #...         12%         1    ##.....


Dungeon Overview and Level Annotations

Branches:
Dungeon (4/15)
 Temple: D:4-7

Altars:
Ashenzari
Nemelex Xobeh
Okawaru

Annotations:
D:3 Robin
D:4 Pikel; Urist's ghost, amateur DrWn


Innate Abilities, Weirdness & Mutations

You have a pair of small horns on your head.
You are partially covered in rough black scales (AC +4, Dex -1).
You sometimes gain a little power by taking damage.


Message History

Pikel closely misses you.
Wear which item? (? for menu, Esc to quit)
Pikel hits you with a whip of freezing!
Keep disrobing?
Pikel freezes you.
You start removing your armour.
You continue taking off your +0 robe.
Pikel hits you with a whip of freezing.
* * * LOW HITPOINT WARNING * * *
Pikel freezes you.
* * * LOW HITPOINT WARNING * * *
You continue taking off your +0 robe.
Pikel misses you.
You continue taking off your +0 robe.
Pikel hits you with a whip of freezing.
* * * LOW HITPOINT WARNING * * *
Pikel freezes you.
* * * LOW HITPOINT WARNING * * *
You continue taking off your +0 robe.
Pikel hits you with a whip of freezing!
You die...

#§§§## ## #........(..>#
##§## #.#######p######.#
#§# .........# #§###
.....#..# ##.#.##
###########.#..#
##....##
#..............##
.......#
#.#####pp.......####
##....## #K#..........#
##.#.###
#@#......###....#
#......................#
##p#
#....########.#.#......#
##...... ##........(..
.......#.# .........#..
.....$.# . .........#
.......# ..... .#.#
.......# ##.........
.......#


You could see Pikel and 2 slaves.

Vanquished Creatures
  Sigmund (D:2)
  2 hounds (D:4)
  Crazy Yiuf (D:2)
  5 adders
  5 giant geckos
  4 orcs (D:3)
  7 bats
  2 giant cockroaches
  10 goblins
  2 hobgoblins
  5 jackals
  2 quokkas (D:4)
  2 ball pythons
  4 giant newts
  2 kobolds
  5 rats
59 creatures vanquished.

Notes
Turn   | Place    | Note
--------------------------------------------------------------
     0 | D:1      | Urist the Demonspawn Wanderer began the quest for the Orb.
     0 | D:1      | Urist set off with: a +2 spear, the Grimoire of Ice, a potion of lignification, a +0 robe, a +0 dagger, a bread ration
     0 | D:1      | Reached XP level 1. HP: 13/13 MP: 1/1
    24 | D:1      | Identified the Grimoire of Ice
    68 | D:1      | Reached skill level 2 in Polearms
   499 | D:1      | Gained mutation: You are partially covered in rough black scales (AC +4, Dex -1). [demonic ancestry]
   499 | D:1      | Reached XP level 2. HP: 10/19 MP: 2/2
   641 | D:2      | Found a shattered altar of Ashenzari.
   648 | D:2      | Noticed Sigmund
   671 | D:2      | Found an iron altar of Okawaru.
   674 | D:2      | Became a worshipper of Warmaster Okawaru
   732 | D:2      | Gained mutation: You sometimes gain a little power by taking damage. [demonic ancestry]
   732 | D:2      | Reached XP level 3. HP: 13/25 MP: 3/3
   737 | D:2      | Learned a level 2 spell: Throw Frost
  1091 | D:2      | Killed Sigmund
  1091 | D:2      | Reached * piety under Okawaru
  1091 | D:2      | Reached skill level 1 in Fighting
  1091 | D:2      | Reached skill level 3 in Polearms
  1091 | D:2      | Reached XP level 4. HP: 4/32 MP: 4/4
  1091 | D:2      | Gained mutation: You have a pair of small horns on your head. [demonic ancestry]
  1091 | D:2      | Reached XP level 5. HP: 4/37 MP: 5/5
  1538 | D:2      | Learned a level 1 spell: Freeze
  1538 | D:2      | Noticed Crazy Yiuf
  1550 | D:2      | Killed Crazy Yiuf
  2103 | D:3      | Reached skill level 4 in Dodging
  2103 | D:3      | Reached XP level 6. HP: 42/44 MP: 0/6
  2114 | D:3      | Noticed Robin
  2116 | D:4      | Found a sparkling altar of Nemelex Xobeh.
  2235 | D:4      | Reached skill level 1 in Spellcasting
  2246 | D:4      | Noticed Pikel
  2397 | D:4      | Noticed Urist's ghost (amateur DrWn)
  2579 | D:4      | Got a distressingly furry ring mail
  2584 | D:4      | Slain by Pikel

Action                   |  1- 3 |  4- 6 || total
-------------------------+-------+-------++-------
Melee: Spear             |   106 |   108 ||   214
Throw: Tomahawk          |    15 |     9 ||    24
 Cast: Throw Frost       |     2 |    13 ||    15
       Freeze            |       |     8 ||     8
Evoke: Deck              |       |     3 ||     3
  Use: Potion            |     4 |       ||     4
       Scroll            |       |    10 ||    10
 Stab: Sleeping          |     1 |     2 ||     3
  Eat: Chunk             |       |     6 ||     6
       Beef jerky        |       |     1 ||     1
